 Dungeon Crawl Stone Soup version 0.21-a0-338-g36cf2fc (webtiles) character file.

155366 krfreak the Spry (level 17, 0/136 HPs)
             Began as a Gnoll Wanderer on Sept 29, 2017.
             Was a High Priest of Cheibriados.
             Slain by Aizul (35 damage)
             ... on level 3 of the Snake Pit on Oct 3, 2017.
             The game lasted 02:28:09 (33390 turns).

krfreak the Spry (Gnoll Wanderer)                  Turns: 33390, Time: 02:28:10

Health: 0/136      AC: 22    Str: 27    XL:     17   Next: 64%
Magic:  1/10       EV: 31    Int: 31    God:    Cheibriados [*****.]
Gold:   1006       SH:  0    Dex: 33    Spells: 18/38 levels left

rFire    + + .     SeeInvis +   K - +9 mace "Leosix" {antimagic, rElec rF+ Dex+4}
rCold    . . .     Gourm    .   (no shield)
rNeg     . . .     Faith    .   k - +2 troll leather armour
rPois    +         Spirit   .   G - +2 helmet {SInv}
rElec    +         Reflect  +   y - +0 cloak
rCorr    .         Harm     .   D - +1 pair of gloves
MR       +....                  x - +2 pair of boots
Stlth    +++.......             T - +5 amulet of reflection
HPRegen  0.72/turn              I - ring of poison resistance
MPRegen  0.12/turn              Y - +2 ring of protection

@: lethally poisoned (0 -> -5), about to teleport, sleeping, slowed, studying 2
skills, very slow
A: distributed training, fangs 1, rugged brown scales 1, fire resistance 1,
strong nose
a: Bend Time, Temporal Distortion, Slouch, Step From Time, Renounce Religion


You were on level 3 of the Snake Pit.
You worshipped Cheibriados.
Cheibriados was extremely pleased with you.
You were not hungry.

You visited 5 branches of the dungeon, and saw 27 of its levels.
You visited 1 bazaar.
You also visited: Labyrinth.

You collected 2921 gold pieces.
You spent 1915 gold pieces at shops.

Inventory:

Hand Weapons
 a - a +3 longbow of flaming
 v - a +0 blowgun
 K - the +9 mace "Leosix" (weapon) {antimagic, rElec rF+ Dex+4}
   (You found it on level 14 of the Dungeon)

   It reduces the magical energy of the wielder, and disrupts the spells and
   magical abilities of those hit.
   Natural abilities and divine invocations are not affected.
   It affects your dexterity (+4).
   It protects you from fire.
   It insulates you from electricity.
 P - a +2 shortbow of flaming
 W - a +1 short sword of draining
Missiles
 b - 414 arrows
 h - 646 stones (quivered)
 i - 14 javelins
 w - 69 poisoned needles
Armour
 k - a +2 troll leather armour (worn)
 x - a +2 pair of boots (worn)
 y - a +0 cloak (worn)
 D - a +1 pair of gloves (worn)
 G - a +2 helmet of see invisible (worn)
Jewellery
 I - a ring of poison resistance (left hand)
 T - a +5 amulet of reflection (around neck)
 Y - a +2 ring of protection (right hand)
Wands
 d - a wand of digging (0/24)
 u - a wand of lightning (2/15)
 F - a wand of clouds (0/9)
 H - a wand of lightning (0/15)
 L - a wand of scattershot (0/9)
 M - a wand of paralysis (10/24)
 V - a wand of acid (0/15)
Scrolls
 c - 3 scrolls of teleportation {@r4}
 g - 15 scrolls of remove curse {@r2}
 o - 2 scrolls of recharging
 q - 4 scrolls of enchant weapon
 r - 2 scrolls of magic mapping
 s - a scroll of identify {@r1}
 t - a scroll of enchant armour
 C - a scroll of fog
 E - a scroll of silence
Potions
 e - 4 potions of brilliance
 l - 8 potions of curing {@q1}
 m - 7 potions of flight
 n - 4 potions of lignification {!q}
 p - 2 potions of resistance
 z - 4 potions of agility
 A - a potion of ambrosia
 R - a potion of magic
 S - 5 potions of mutation {!q}
 X - a potion of invisibility
Books
 B - a manual of Dodging {!d}
 J - a manual of Translocations {!d}
Miscellaneous
 j - a lamp of fire
 U - a phial of floods (inert)
Comestibles
 f - 16 bread rations
 O - 3 meat rations


   Skills:
 + Level 12.1 Fighting
 + Level 11.4 Short Blades
 + Level 11.5 Long Blades
 + Level 11.3 Axes
 + Level 11.4 Maces & Flails
 + Level 11.7 Polearms
 + Level 11.3 Staves
 + Level 11.5 Slings
 + Level 12.1 Bows
 + Level 11.5 Crossbows
 + Level 11.7 Throwing
 + Level 11.4 Armour
 + Level 15.4 Dodging
 + Level 12.1 Stealth
   Level 0.0 Stabbing
 + Level 11.4 Shields
   Level 0.0 Traps
 + Level 11.5 Unarmed Combat
 + Level 11.4 Spellcasting
 + Level 11.7 Conjurations
 + Level 11.4 Hexes
 + Level 11.5 Charms
 + Level 11.4 Summonings
 + Level 11.6 Necromancy
 + Level 13.8 Translocations
 + Level 11.0 Transmutations
 + Level 11.4 Fire Magic
 + Level 11.5 Ice Magic
 + Level 11.5 Air Magic
 + Level 11.4 Earth Magic
 + Level 11.3 Poison Magic
 + Level 11.5 Invocations
 + Level 11.5 Evocations


You had 18 spell levels left.
You knew the following spells:

 Your Spells              Type           Power        Failure   Level  Hunger
a - Airstrike             Air            ######....   1%          4    None
b - Regeneration          Chrm/Necr      ######....   1%          3    None
c - Control Undead        Necr           ######....   1%          4    None
d - Animate Dead          Necr           N/A          1%          4    None
e - Summon Ice Beast      Ice/Summ       ######..     1%          4    None
f - Summon Butterflies    Summ           ######..     1%          1    None


Dungeon Overview and Level Annotations

Branches:
Dungeon (15/15)            Temple (1/1) D:5            Lair (6/6) D:9
 Shoals (0/4) Lair:2        Snake (3/4) Lair:3        Slime (0/5) Lair:6
    Orc (2/2) D:9             Elf (0/3) Orc:2        Vaults (0/5) D:14
 Depths (0/5) D:15

Altars:
Ashenzari
Cheibriados
Dithmenos
Elyvilon
Fedhas
Gozag
Hepliaklqana
Kikubaaqudgha
Makhleb
Nemelex Xobeh
Okawaru
Qazlal
Ru
Sif Muna
Trog
Uskayaw
Vehumet
Wu Jian
Xom
Yredelemnul
Zin
The Shining One
Beogh
Jiyva

Shops:
D:4 :   D:8 [   Orc:2 ([*=

Annotations:
D:10 2 transporters
Lair:6 exclusion: 4 oklob plants
Snake:3 Aizul


Innate Abilities, Weirdness & Mutations

Your experience applies equally to all skills.
You have very sharp teeth.
Your uncanny sense of smell can sniff out nearby items.
You are partially covered in rugged brown scales. (AC +1, +3% HP)
Your flesh is heat resistant. (rF+)


Message History

You fall asleep.
The mana viper completely misses you.
Your water elemental engulfs the guardian serpent in water!
The guardian serpent barely misses you. Aizul hits you but does no damage.
You feel sick.
The mana viper splashes around in the water.
The guardian serpent closely misses you.
Aizul misses you. The mana viper misses you.
You feel sick.
The guardian serpent closely misses you.
Aizul coils herself and waves her upper body at you.
The bolt of poison misses you.
The bolt of poison hits the mana viper.
The mana viper bites your water elemental!!
Your water elemental engulfs the mana viper in water!
The guardian serpent completely misses you.
Aizul completely misses you.
You feel sick.
The mana viper bites your water elemental!
The guardian serpent misses you. Aizul hits you!!
You die...

###..####....###...##
#.
#......###.).##..).#
## #......#
###))....(# #......##
####.).## #.......#
###)..#### #.<..##.#
#)........# ####.##.#
#[#######.# #.##.#
##≈## #.##.####S@S###
#S...##≈≈≈ES..#
#....#.≈$≈E....#
#..S.#.≈≈≈.....#
##N≈.$.(.>(>...(#
##<.[..........(.
#......>.>(....(.
#..#.........#...
#≈≈#.........#..#


You could see Aizul, a mana viper, a guardian serpent and 2 friendly water
elementals.

Vanquished Creatures
  Vashnia (Snake:2)
  Rupert (D:14)
  Kirke (D:13)
  5 nagarajas
  An orc warlord (Orc:2)
  2 entropy weavers (Lair:4)
  Nessos (D:15)
  A minotaur (Lab)
  2 fire dragons
  A yaktaur captain (D:15)
  6 naga warriors
  2 catoblepae
  5 centaur warriors
  9 hydras
  10 two-headed ogres
  3 anacondas
  A queen ant (Lair:4)
  8 death yaks
  8 shock serpents
  5 naga sharpshooters
  An orc high priest (Orc:2)
  2 deep elf knights (D:14)
  Sonja (D:15)
  Nergalle (Orc:2)
  A swamp dragon (Lair:6)
  3 unseen horrors
  3 naga ritualists
  An unseen horror (shapeshifter) (D:14)
  3 salamander mystics
  4 wizards
  2 lindwurms (Lair:6)
  4 orc knights
  A wolf spider zombie (D:15)
  An orb spider (shapeshifter) (D:15)
  A necromancer (D:14)
  2 manticores (Lair:6)
  A wolf spider (D:15)
  6 ugly things (D:14)
  6 mana vipers
  3 cyclopes
  An orc sorcerer (Orc:2)
  4 salamanders
  20 black mambas
  A black mamba (shapeshifter) (D:15)
  10 naga magi
  6 guardian serpents
  14 elephants
  10 spiny frogs
  5 rime drakes
  A gargoyle (D:12)
  4 kobold demonologists
  A redback zombie (D:15)
  A yaktaur (D:15)
  10 komodo dragons
  2 queen bees
  4 tengu conjurers (D:14)
  Prince Ribbit (D:6)
  5 trolls
  A minotaur skeleton (Lab)
  12 slime creatures
  10 dream sheep
  A snapping turtle (Lair:2)
  14 hippogriffs
  15 blink frogs
  A wraith (D:14)
  5 shadows
  2 wyverns
  A vampire (D:15)
  15 humans (D:14)
  10 hungry ghosts
  43 yaks
  10 basilisks
  2 vampire mosquitoes (D:13)
  5 steam dragons
  An acid dragon (Lair:6)
  2 wargs (Orc:1)
  18 nagas
  18 soldier ants
  2 hell hounds (Orc:2)
  13 porcupines
  16 water moccasins
  A black bear (Lair:3)
  19 orc warriors
  4 ice beasts
  4 phantoms
  3 eyes of draining
  A swamp drake (Lair:6)
  2 sky beasts (D:14)
  9 ogres
  A necrophage (D:10)
  9 centaurs
  35 wolves
  20 crocodiles
  10 big kobolds
  10 bullfrogs
  Blork the orc (D:6)
  2 gnoll sergeants (D:10)
  A water moccasin skeleton (D:11)
  4 scorpions
  35 killer bees
  8 wights
  An electric eel (Lair:5)
  A bullfrog zombie (D:13)
  8 crimson imps
  3 centaur zombies
  4 hounds
  2 bullfrog skeletons
  16 orc priests
  5 jellies
  21 orc wizards
  11 centaur skeletons
  6 iguanas
  21 worker ants
  19 gnolls
  6 river rats (D:6)
  8 adders
  5 shadow imps
  An adder skeleton (D:10)
  5 worms
  2 dart slugs
  3 leopard geckos
  36 orcs
  5 giant cockroaches
  5 hobgoblins
  14 jackals
  13 quokkas
  12 bats
  4 frilled lizards
  6 goblins
  33 kobolds
  A quokka zombie (D:6)
  23 rats
  3 fungi
  A plant (Lair:5)
920 creatures vanquished.

Vanquished Creatures (others)
  A naga sharpshooter (Snake:2)
  A shock serpent (Snake:2)
  A deep elf knight (D:14)
  A wizard (D:9)
  A naga ritualist (Snake:2)
  A mana viper (Snake:2)
  A deep elf mage (D:14)
  2 salamanders (Snake:2)
  5 black mambas (Snake:2)
  A human (D:14)
  4 nagas
  4 bushes (D:9)
  13 fungi
  25 plants
61 creatures vanquished.

Grand Total: 981 creatures vanquished

Notes
Turn   | Place    | Note
-------+----------+-------------------------------------------
     0 | D:1      | krfreak the Gnoll Wanderer began the quest for the Orb.
     0 | D:1      | krfreak set off with: a +2 shortbow, 24 arrows, 2 scrolls of teleportation {@r4}, a +0 robe, a +0 dagger, a bread ration
     0 | D:1      | Reached XP level 1. HP: 20/20 MP: 1/1
   523 | D:1      | Reached skill level 1 in Long Blades
   523 | D:1      | Reached skill level 1 in Air Magic
   528 | D:1      | Reached skill level 1 in Short Blades
   536 | D:1      | Reached XP level 2. HP: 19/26 MP: 1/3
   685 | D:1      | Reached skill level 1 in Unarmed Combat
  1036 | D:1      | Reached skill level 1 in Spellcasting
  1093 | D:1      | Reached skill level 1 in Maces & Flails
  1184 | D:1      | Reached skill level 1 in Hexes
  1241 | D:1      | Reached XP level 3. HP: 31/31 MP: 4/4
  1259 | D:1      | Reached skill level 1 in Summonings
  1524 | D:2      | Reached skill level 1 in Necromancy
  1857 | D:2      | Reached skill level 1 in Ice Magic
  1857 | D:2      | Reached XP level 4. HP: 38/38 MP: 5/5
  1864 | D:2      | Reached skill level 1 in Polearms
  1866 | D:2      | Reached skill level 1 in Translocations
  1915 | D:2      | Reached skill level 1 in Slings
  1915 | D:2      | Reached skill level 1 in Conjurations
  1915 | D:2      | Reached XP level 5. HP: 36/43 MP: 6/6
  2021 | D:2      | Reached skill level 1 in Armour
  2021 | D:2      | Reached skill level 1 in Invocations
  2156 | D:2      | Reached skill level 1 in Evocations
  2482 | D:2      | Reached skill level 1 in Staves
  3370 | D:3      | Found a sacrificial altar of Ru.
  3519 | D:3      | Reached skill level 1 in Crossbows
  3522 | D:3      | Reached XP level 6. HP: 49/49 MP: 7/7
  3773 | D:3      | Reached skill level 5 in Dodging
  3773 | D:3      | Reached skill level 1 in Charms
  4037 | D:4      | Noticed a phantom
  4057 | D:4      | Killed a phantom
  4057 | D:4      | Reached skill level 5 in Stealth
  4076 | D:4      | Reached skill level 1 in Fire Magic
  4232 | D:4      | Reached XP level 7. HP: 48/55 MP: 9/9
  4241 | D:4      | Reached skill level 1 in Axes
  4599 | D:4      | Reached skill level 5 in Bows
  4603 | D:4      | Reached skill level 1 in Transmutations
  5003 | D:4      | Found Aguyh's Book Boutique.
  5135 | D:5      | Entered Level 5 of the Dungeon
  5180 | D:5      | Found a snail-covered altar of Cheibriados.
  5544 | D:5      | Found a staircase to the Ecumenical Temple.
  5606 | D:5      | Found a sparkling altar of Nemelex Xobeh.
  5683 | D:5      | Found an ornate altar of the Wu Jian Council.
  5685 | D:5      | Found a shattered altar of Ashenzari.
  5685 | D:5      | Found a glowing silver altar of Zin.
  5899 | D:5      | Reached skill level 1 in Earth Magic
  5970 | D:5      | Reached skill level 5 in Fighting
  6848 | D:6      | Reached XP level 8. HP: 49/62 MP: 12/12
  7299 | D:6      | Found a glowing golden altar of the Shining One.
  7688 | D:6      | Noticed Prince Ribbit
  7707 | D:6      | Killed Prince Ribbit
  7738 | D:6      | Noticed Blork the orc
  7753 | D:6      | Killed Blork the orc
  8148 | Temple   | Entered the Ecumenical Temple
  8312 | Temple   | Upgraded the game from 0.21-a0-314-gb3271ec to 0.21-a0-329-g12f17e1
  8321 | Temple   | Became a worshipper of Cheibriados the Contemplative
  8382 | D:7      | Found a stormy altar of Qazlal.
  8681 | D:7      | Reached XP level 9. HP: 69/69 MP: 14/14
  8965 | D:8      | Reached * piety under Cheibriados
  9168 | D:8      | Reached skill level 6 in Dodging
  9300 | D:8      | Found Hayh's Antique Armour Shop.
  9303 | D:8      | Bought a pair of dazzling gloves for 237 gold pieces
  9303 | D:8      | Bought a runed helmet for 187 gold pieces
  9303 | D:8      | Identified the +0 pair of gloves of the Prince of Darkness {*Drain rN+++ Str-5 Dex+2} (You bought it in a shop on level 8 of the Dungeon)
  9324 | D:8      | Reached skill level 5 in Polearms
  9810 | D:8      | Reached skill level 5 in Throwing
  9810 | D:8      | Reached skill level 5 in Conjurations
  9943 | D:9      | Reached skill level 5 in Necromancy
 10062 | D:9      | Reached ** piety under Cheibriados
 10079 | D:9      | Reached XP level 10. HP: 47/77 MP: 16/16
 10091 | D:8      | Reached skill level 5 in Slings
 10091 | D:8      | Reached skill level 5 in Crossbows
 10091 | D:8      | Reached skill level 5 in Charms
 10091 | D:8      | Reached skill level 5 in Ice Magic
 10094 | D:8      | Reached skill level 7 in Dodging
 10350 | D:8      | Reached skill level 5 in Long Blades
 10350 | D:8      | Reached skill level 5 in Unarmed Combat
 10350 | D:8      | Reached skill level 5 in Air Magic
 10350 | D:8      | Reached skill level 5 in Invocations
 10350 | D:8      | Reached skill level 5 in Evocations
 10938 | D:9      | Reached skill level 5 in Maces & Flails
 10938 | D:9      | Reached skill level 5 in Armour
 10938 | D:9      | Reached skill level 5 in Spellcasting
 10938 | D:9      | Reached skill level 5 in Hexes
 10938 | D:9      | Reached skill level 5 in Fire Magic
 10938 | D:9      | Reached skill level 5 in Earth Magic
 11222 | D:9      | Reached skill level 5 in Shields
 11229 | D:9      | Found a staircase to the Lair.
 11246 | D:9      | Reached skill level 5 in Short Blades
 11246 | D:9      | Reached skill level 5 in Summonings
 11266 | D:9      | Noticed a wizard
 11266 | D:9      | Noticed a wizard
 11267 | D:9      | Noticed a wizard
 11268 | D:9      | Killed a wizard
 11278 | D:9      | Killed a wizard
 11278 | D:9      | Reached skill level 5 in Staves
 11278 | D:9      | Reached skill level 5 in Translocations
 11278 | D:9      | Reached skill level 5 in Poison Magic
 11288 | D:9      | Killed a wizard
 11288 | D:9      | Reached skill level 5 in Axes
 11288 | D:9      | Reached skill level 8 in Dodging
 11758 | D:9      | Found a staircase to the Orcish Mines.
 11908 | D:10     | Entered Level 10 of the Dungeon
 11979 | D:10     | Reached XP level 11. HP: 84/84 MP: 19/19
 11991 | D:10     | Found a transporter.
 12029 | D:10     | Reached *** piety under Cheibriados
 12049 | D:10     | Noticed a two-headed ogre
 12064 | D:10     | Killed a two-headed ogre
 12138 | D:10     | Found a transporter.
 12253 | D:10     | Reached skill level 5 in Transmutations
 12281 | D:10     | Reached **** piety under Cheibriados
 13129 | D:10     | Noticed a two-headed ogre
 13138 | D:10     | Killed a two-headed ogre
 13138 | D:10     | Reached skill level 9 in Dodging
 13258 | D:11     | Noticed an unseen horror
 13268 | D:11     | Killed an unseen horror
 13552 | D:11     | Reached ***** piety under Cheibriados
 14396 | D:11     | Learned a level 4 spell: Airstrike
 14409 | D:12     | Got a warped robe
 14570 | D:12     | Reached XP level 12. HP: 92/92 MP: 21/21
 14661 | D:12     | Noticed a sun demon
 14918 | D:12     | Noticed a two-headed ogre
 14927 | D:12     | Killed a two-headed ogre
 14927 | D:12     | Reached skill level 10 in Dodging
 15034 | Lair:1   | Entered Level 1 of the Lair of Beasts
 15041 | Lair:1   | Noticed a six-headed hydra
 15234 | Lair:1   | Killed a six-headed hydra
 15422 | Lair:1   | Learned a level 3 spell: Regeneration
 16911 | Lair:2   | Found a staircase to the Shoals.
 16929 | Lair:3   | Found a staircase to the Snake Pit.
 17051 | Lair:3   | Found a labyrinth entrance.
 17057 | Lab      | Entered a labyrinth
 17487 | Lab      | Reached XP level 13. HP: 95/100 MP: 24/24
 17837 | Lab      | Noticed a minotaur
 17857 | Lab      | Killed a minotaur
 17992 | Lab      | Got a translucent mace
 18035 | Lair:3   | Reached skill level 11 in Dodging
 18262 | Lair:3   | Identified the +4 mace of the Final Decision {elec, Fragile Str+4 Dex+5} (You found it in a labyrinth)
 18813 | Lair:3   | Noticed a fire dragon
 18822 | Lair:3   | Killed a fire dragon
 19600 | Lair:4   | Reached XP level 14. HP: 77/109 MP: 26/26
 19601 | Lair:4   | Reached skill level 12 in Dodging
 20193 | Lair:4   | Noticed an entropy weaver
 20206 | Lair:4   | Noticed an entropy weaver
 20208 | Lair:4   | Killed an entropy weaver
 20208 | Lair:4   | Reached skill level 10 in Fighting
 20208 | Lair:4   | Reached skill level 10 in Bows
 20208 | Lair:4   | Killed an entropy weaver
 20700 | Lair:5   | Learned a level 4 spell: Control Undead
 20705 | Lair:5   | Learned a level 4 spell: Animate Dead
 20741 | Lair:5   | Reached skill level 10 in Translocations
 20750 | Lair:5   | Reached skill level 10 in Stealth
 20988 | Lair:5   | Learned a level 4 spell: Summon Ice Beast
 20990 | Lair:5   | Learned a level 1 spell: Summon Butterflies
 21624 | Lair:6   | Entered Level 6 of the Lair of Beasts
 22171 | Lair:6   | Found a staircase to the Slime Pits.
 22172 | Lair:6   | Found a viscous altar of Jiyva.
 22898 | Lair:6   | Reached skill level 13 in Dodging
 22899 | Lair:6   | Reached XP level 15. HP: 109/117 MP: 28/28
 22979 | Lair:6   | Reached skill level 10 in Polearms
 23108 | Lair:6   | Reached skill level 10 in Throwing
 23225 | Lair:6   | Reached skill level 10 in Conjurations
 23495 | Lair:6   | Reached ****** piety under Cheibriados
 23636 | Lair:6   | Upgraded the game from 0.21-a0-329-g12f17e1 to 0.21-a0-338-g36cf2fc
 23670 | Lair:4   | Reached skill level 10 in Necromancy
 23785 | Orc:1    | Entered Level 1 of the Orcish Mines
 24028 | Orc:2    | Entered Level 2 of the Orcish Mines
 24028 | Orc:2    | Found a staircase to the Elven Halls.
 24172 | Orc:2    | Noticed Nergalle
 24197 | Orc:2    | Killed Nergalle
 24251 | Orc:2    | Noticed an orc warlord
 24278 | Orc:2    | Killed an orc warlord
 24374 | Orc:2    | Found a roughly hewn altar of Beogh.
 24437 | Orc:2    | Reached skill level 10 in Slings
 24437 | Orc:2    | Reached skill level 10 in Crossbows
 24437 | Orc:2    | Reached skill level 10 in Charms
 24437 | Orc:2    | Reached skill level 10 in Ice Magic
 24443 | Orc:2    | Found Plog's Antique Armour Shoppe.
 24465 | Orc:2    | Bought a pair of runed gloves for 270 gold pieces
 24487 | Orc:2    | Found Hiux's Jewellery Shoppe.
 24523 | Orc:2    | Found Xaecat Jixo's Antique Weapon Shoppe.
 24544 | Orc:2    | Found Qeclox's General Store.
 24551 | Orc:2    | Bought 7 needles of sleeping for 52 gold pieces
 24551 | Orc:2    | Bought a potion of curing for 45 gold pieces
 24551 | Orc:2    | Bought a potion of might for 60 gold pieces
 24551 | Orc:2    | Bought a scroll of identify for 30 gold pieces
 24792 | Orc:2    | Found a bloodstained altar of Trog.
 25550 | D:12     | Reached skill level 10 in Long Blades
 25550 | D:12     | Reached skill level 10 in Unarmed Combat
 25550 | D:12     | Reached skill level 10 in Air Magic
 25550 | D:12     | Reached skill level 10 in Invocations
 25550 | D:12     | Reached skill level 10 in Evocations
 25901 | D:12     | Reached skill level 10 in Maces & Flails
 25901 | D:12     | Reached skill level 10 in Armour
 25901 | D:12     | Reached skill level 10 in Spellcasting
 25901 | D:12     | Reached skill level 10 in Hexes
 25901 | D:12     | Reached skill level 10 in Fire Magic
 25901 | D:12     | Reached skill level 10 in Earth Magic
 26137 | D:13     | Reached skill level 10 in Shields
 26169 | D:13     | Reached skill level 10 in Short Blades
 26169 | D:13     | Reached skill level 10 in Summonings
 26404 | D:13     | Noticed Kirke
 26427 | D:13     | Killed Kirke
 26480 | D:13     | Reached skill level 10 in Staves
 26480 | D:13     | Reached skill level 10 in Poison Magic
 26892 | D:14     | Found a gate to the Vaults.
 26892 | D:14     | Noticed Rupert
 26894 | D:14     | Reached skill level 10 in Axes
 26912 | D:14     | Reached XP level 16. HP: 55/125 MP: 21/30
 26912 | D:14     | Reached skill level 14 in Dodging
 26913 | D:14     | Killed Rupert
 27330 | D:14     | Reached skill level 10 in Transmutations
 27365 | D:14     | Gained mutation: Your flesh is heat resistant. (rF+) [mutagenic meat]
 27366 | D:14     | Gained mutation: You are partially covered in rugged brown scales. (AC +1, +3% HP) [mutagenic meat]
 27520 | D:14     | Identified the +9 mace "Leosix" {antimagic, rElec rF+ Dex+4} (You found it on level 14 of the Dungeon)
 27625 | D:14     | Found a blossoming altar of Fedhas.
 28150 | D:15     | Entered Level 15 of the Dungeon
 28513 | D:15     | Noticed Sonja
 28522 | D:15     | Killed Sonja
 28637 | D:15     | Noticed Nessos
 28638 | D:15     | Killed Nessos
 28709 | D:15     | Found a staircase to the Depths.
 29478 | Snake:1  | Entered Level 1 of the Snake Pit
 29550 | Snake:1  | Noticed a nagaraja
 29569 | Snake:1  | Killed a nagaraja
 30358 | Snake:2  | Noticed Vashnia
 30384 | Snake:2  | Killed Vashnia
 30395 | Snake:2  | Reached XP level 17. HP: 63/136 MP: 10/32
 30458 | Snake:2  | Found a flickering gateway to a bazaar.
 30465 | Bazaar   | Entered a bazaar
 30465 | Bazaar   | Found Puyt's Distillery.
 30465 | Bazaar   | Found Pig Lud's Antique Weapon Shop.
 30609 | Bazaar   | Bought a potion of heal wounds for 55 gold pieces
 30609 | Bazaar   | Bought a potion of curing for 33 gold pieces
 30609 | Bazaar   | Bought a potion of agility for 44 gold pieces
 30614 | Bazaar   | Found Ymutax's Antique Armour Shop.
 30664 | Bazaar   | Bought a runed troll leather armour for 594 gold pieces
 30692 | Bazaar   | Bought a potion of mutation for 88 gold pieces
 30692 | Bazaar   | Bought a potion of mutation for 88 gold pieces
 30692 | Bazaar   | Bought a potion of brilliance for 44 gold pieces
 30692 | Bazaar   | Bought a potion of magic for 88 gold pieces
 30725 | Snake:2  | Reached skill level 15 in Dodging
 32053 | Snake:3  | Noticed Aizul
 32814 | Snake:3  | Found a deep blue altar of Sif Muna.
 33390 | Snake:3  | Slain by Aizul

Vault maps used:
D:1:      dpeg_arrival_water_fire
D:3:      nicolae_ru_great_annihilating_truth
D:4:      first_bread, serial_shops, nicolae_shop_stone, serial_park_tiny_pond
D:5:      lemuel_coloured_pillars_altar, gammafunk_temple_overflow_forgotten,
          minmay_temple_entry_from_below_b, basic_altar, minmay_misc_feat_roman
D:6:      lemuel_ratsnest, tso_metal_star, cheibrodos_sewer_entry_bend,
          uniq_prince_ribbit1, uniq_blork_the_orc
D:7:      lemuel_crystal_altar
D:8:      serial_shops, kennysheep_mini_moat
D:9:      cheibrodos_wizards_tower, minmay_lair_entry_grove, orc_0_dummy
D:10:     gammafunk_cloud_chamber, david_nohive_1
D:11:     special_room
D:13:     uniq_kirke
D:14:     david_vaults_3, fedhas_altar_fruit_tree, uniq_rupert
D:15:     grunt_enter_depths_snipers, uniq_nessos, uniq_sonja
Temple:   nicolae_temple_elliptical
Lair:2:   minmay_shoals_entry_hut
Lair:3:   dragon1_lemuel, minmay_snake_entry_spellcaster, lab_entry_generic
Lair:4:   zaba_antful_of_joy
Lair:5:   infiniplex_staircase_pool
Lair:6:   hangedman_lair_in_review, guppyfry_lair_end_dragon, slime_altar_1,
          st_stairs_3, minmay_lair_oklob_chamber, infiniplex_staircase_pool_2
Snake:2:  serial_shops, freezing_bzr, special_room, serial_bayou_shore_b,
          grunt_megastairs_2, lemuel_fruit_tree, uniq_vashnia
Snake:3:  nicolae_aizul_guard, serial_shops, nicolae_shop_window_shopping,
          basic_altar, nrook_guardian_serpent_double
Orc:2:    grunt_orc_cross, enter_volcano_3, bloody_trog
Lab:      labyrinth_spiral, labyrinth_skeletal_remains, nicolae_lab_statue,
          lab_hedge, lab_statue, nicolae_lab_stuck, nicolae_lab_arrow
Bazaar:   bazaar_jpeg_cross

Skill      XL: |  1  2  3  4  5  6  7  8  9 10 11 12 13 14 15 16 17 |
---------------+----------------------------------------------------+-----
Long Blades    | 1 2 3 4 5 6 7 8 9 10 11 | 11.5
Air Magic      | 1 2 3 4 5 6 7 8 9 10 11 | 11.5
Short Blades   | 1 2 3 4 5 6 7 8 9 10 11 | 11.4
Unarmed Combat | 1 2 3 4 5 6 7 8 9 10 11 | 11.5
Spellcasting   | 1 2 3 4 5 6 7 8 9 10 11 | 11.4
Maces & Flails | 1 2 3 4 5 6 7 8 9 10 11 | 11.4
Hexes          | 1 2 3 4 5 6 7 8 9 10 11 | 11.4
Summonings     | 1 2 3 4 5 6 7 8 9 10 11 | 11.4
Necromancy     | 2 3 4 5 6 7 8 9 10 11 | 11.6
Ice Magic      | 1 2 3 4 5 6 7 8 9 10 11 | 11.5
Polearms       | 2 3 4 5 6 7 8 9 10 11 | 11.7
Translocations | 1 2 3 4 5 6 7 9 10 11 13 | 13.8
Slings         | 1 2 3 4 5 6 7 8 9 10 11 | 11.5
Conjurations   | 1 2 3 4 5 6 7 8 9 10 11 | 11.7
Armour         | 1 2 3 4 5 6 7 8 9 10 11 | 11.4
Invocations    | 1 2 3 4 5 6 7 8 9 10 11 | 11.5
Evocations     | 1 2 3 4 5 6 7 8 9 10 11 | 11.5
Staves         | 1 2 3 4 5 6 7 8 9 10 11 | 11.3
Crossbows      | 1 2 3 4 5 6 7 8 9 10 11 | 11.5
Dodging        | 5 6 8 9 10 11 13 14 15 | 15.4
Charms         | 1 2 3 4 5 6 7 8 9 10 11 | 11.5
Stealth        | 5 6 7 8 9 10 11 12 | 12.1
Fire Magic     | 1 2 3 4 5 6 7 8 9 10 11 | 11.4
Poison Magic   | 2 3 4 5 6 7 8 9 10 11 | 11.3
Axes           | 2 4 5 6 7 8 9 10 11 | 11.3
Bows           | 5 6 7 8 9 10 11 12 | 12.1
Transmutations | 1 3 4 5 6 7 8 9 10 11 | 11.0
Earth Magic    | 2 3 4 5 6 7 8 9 10 11 | 11.4
Fighting       | 5 6 7 8 9 10 11 12 | 12.1
Throwing       | 3 4 5 6 7 8 9 10 11 | 11.7
Shields        | 3 4 5 6 7 8 9 10 11 | 11.4

Action                   |  1- 3 |  4- 6 |  7- 9 | 10-12 | 13-15 | 16-18 || total
-------------------------+-------+-------+-------+-------+-------+-------++-------
Melee: Dagger            |   148 |    43 |   124 |       |       |       ||   315
       Bite              |    21 |     7 |    79 |    91 |   229 |   256 ||   683
       Punch             |     1 |       |     5 |    20 |    88 |   101 ||   215
       Long sword        |       |       |   390 |   109 |       |       ||   499
       Short sword       |       |       |       |   269 |   833 |   345 ||  1447
       War axe           |       |       |       |    21 |       |       ||    21
       Mace              |       |       |       |       |       |   622 ||   622
 Fire: Shortbow          |    21 |   144 |    71 |   558 |   692 |       ||  1486
       Blowgun           |       |       |    36 |    28 |       |       ||    64
       Hand crossbow     |       |       |       |     4 |       |       ||     4
       Longbow           |       |       |       |       |     6 |    46 ||    52
Throw: Stone             |       |       |     4 |       |       |       ||     4
 Cast: Airstrike         |       |       |       |       |    31 |       ||    31
       Regeneration      |       |       |       |       |       |     3 ||     3
Invok: Slouch            |       |       |       |     1 |    21 |    11 ||    33
       Bend Time         |       |       |       |       |     1 |       ||     1
       Temporal Distorti |       |       |       |       |     1 |       ||     1
       Step From Time    |       |       |       |       |       |     1 ||     1
Evoke: Wand              |       |       |     3 |     7 |    28 |    14 ||    52
       Lamp of fire      |       |       |       |       |     3 |     2 ||     5
       Phial of floods   |       |       |       |       |     1 |     2 ||     3
  Use: Potion            |       |     2 |     2 |     2 |     1 |    10 ||    17
       Scroll            |       |       |    15 |    14 |    14 |    13 ||    56
 Stab: Sleeping          |     3 |       |       |     4 |    18 |    20 ||    45
       Distracted        |       |       |     1 |       |     4 |     3 ||     8
  Eat: Chunk             |     3 |     1 |    35 |     6 |     6 |     7 ||    58
       Bread ration      |       |     1 |     1 |       |     1 |       ||     3
       Royal jelly       |       |     1 |       |       |       |       ||     1
       Fruit             |       |     1 |       |       |       |       ||     1
       Meat ration       |       |       |       |     1 |     2 |     2 ||     5
Armor: Robe              |    24 |     7 |       |       |       |       ||    31
       Chain mail        |       |    10 |   319 |    44 |       |       ||   373
       Troll leather arm |       |       |       |   107 |   173 |   132 ||   412
Dodge: Dodged            |   101 |    54 |   296 |   526 |  1058 |  1059 ||  3094
Block: Other             |       |       |       |   117 |   214 |   222 ||   553
       Reflection        |       |       |       |     2 |     3 |    18 ||    23
       Rpst.: Long sword |       |       |    72 |    18 |       |       ||    90

Table legend:
 A = Spawn XP
 B = Non-spawn XP
 C = Spawn XP percentage of total XP
 D = Spawn monster count
 E = Non-spawn monster count
 F = Spawn count percentage of total count
 G = Total turns spent on level
                    A         B        C        D         E        F      G
               +---------+---------+-------+---------+---------+-------+---------
         Total |       0 |  221952 |   0.0 |       0 |     919 |   0.0 | 33390
               +---------+---------+-------+---------+---------+-------+---------
           D:1 |       0 |      41 |   0.0 |       0 |      25 |   0.0 |  1685
           D:2 |       0 |     198 |   0.0 |       0 |      21 |   0.0 |  1225
           D:3 |       0 |     108 |   0.0 |       0 |      25 |   0.0 |  1088
           D:4 |       0 |     457 |   0.0 |       0 |      12 |   0.0 |  1341
           D:5 |       0 |     291 |   0.0 |       0 |      13 |   0.0 |  1317
           D:6 |       0 |     903 |   0.0 |       0 |      52 |   0.0 |  1537
           D:7 |       0 |     507 |   0.0 |       0 |      12 |   0.0 |   492
           D:8 |       0 |    2066 |   0.0 |       0 |      25 |   0.0 |  1791
           D:9 |       0 |    4532 |   0.0 |       0 |      26 |   0.0 |  1365
          D:10 |       0 |    4949 |   0.0 |       0 |      55 |   0.0 |  1388
          D:11 |       0 |    3770 |   0.0 |       0 |      38 |   0.0 |  1245
          D:12 |       0 |    8674 |   0.0 |       0 |      38 |   0.0 |  1016
          D:13 |       0 |   10249 |   0.0 |       0 |      32 |   0.0 |   937
          D:14 |       0 |   22458 |   0.0 |       0 |      64 |   0.0 |  1284
          D:15 |       0 |   19700 |   0.0 |       0 |      51 |   0.0 |  1153
        Lair:1 |       0 |    4819 |   0.0 |       0 |      17 |   0.0 |  1040
        Lair:2 |       0 |    3731 |   0.0 |       0 |      20 |   0.0 |  1044
        Lair:3 |       0 |   10591 |   0.0 |       0 |      34 |   0.0 |  1282
        Lair:4 |       0 |   23143 |   0.0 |       0 |      79 |   0.0 |  1335
        Lair:5 |       0 |    4832 |   0.0 |       0 |      24 |   0.0 |  1136
        Lair:6 |       0 |   24002 |   0.0 |       0 |      84 |   0.0 |  1982
       Snake:1 |       0 |   12695 |   0.0 |       0 |      20 |   0.0 |   851
       Snake:2 |       0 |   21933 |   0.0 |       0 |      43 |   0.0 |  1805
       Snake:3 |       0 |   23475 |   0.0 |       0 |      32 |   0.0 |  1000
         Orc:1 |       0 |    1814 |   0.0 |       0 |      15 |   0.0 |   506
         Orc:2 |       0 |    9694 |   0.0 |       0 |      55 |   0.0 |  1140
           Lab |       0 |    2320 |   0.0 |       0 |       7 |   0.0 |   960
               +---------+---------+-------+---------+---------+-------+---------
